AoeStats
← tin_cup_041

Black Forest

505004301Analyzed
4v4 RM · 25d ago on Sep 7, 2026· 48m 57s· 8 players
Game mode
Random Map
Map size
Large (8 player)
Population
200
Speed
Normal
Resources
Standard
Victory
Conquest
Starting age
Dark Age
Ending age
Imperial Age
RankedLock teamsTeams togetherTeam positionsShared explorationLock speedFull tech treeHidden civsTurbo modeCheats
Victory
Defeat
🇲🇽 Ethiopians · Mexico
922
+13
🇲🇽 Celts · Mexico
893
+14
🇨🇱 Maya · Chile
861
+15
🇩🇪 Turks · Germany
778
+18
🇨🇳 Persians · China
895
-17
🇨🇳 Japanese · China
845
-15
🇨🇳 Chinese · China
844
-15
🇫🇷 Byzantines · France
789
-13
观月
0:34 Loom
21:38 Feudal Age
22:13 Arson
22:05 Man-at-Arms
24:14 Scale Mail Armor
LeVieuxMachin
0:29 Loom
11:41 Feudal Age
16:41 Castle Age
17:22 Horse Collar
17:31 Double-Bit Axe
18:18 Heavy Plow
29:35 Imperial Age
27:32 Ballistics
31:25 Bow Saw
32:11 Wheelbarrow
33:45 Pikeman
35:56 Fortified Wall
35:43 Murder Holes
36:49 Chemistry
skiopnado
0:43 Loom
13:03 Feudal Age
13:42 Double-Bit Axe
23:18 Castle Age
22:13 Horse Collar
25:13 Wheelbarrow
24:53 Bow Saw
25:06 Heavy Plow
26:29 Hand Cart
26:50 Stone Mining
26:50 Gold Mining
31:02 Gold Shaft Mining
31:04 Stone Shaft Mining
33:56 Imperial Age
34:09 Caravan
34:34 Padded Archer Armor
34:24 Fletching
34:43 Thumb Ring
35:32 Conscription
36:28 Two-Man Saw
35:24 Elite Chu Ko Nu
1627684093
0:48 Loom
17:10 Feudal Age
17:36 Double-Bit Axe
17:33 Horse Collar
25:46 Castle Age
27:04 Bow Saw
26:57 Heavy Plow
32:17 Wheelbarrow
31:28 Town Watch
37:23 Imperial Age
35:09 Hand Cart
34:54 Town Patrol
35:59 Hand Cart
35:44 Town Patrol
40:19 Chemistry
39:30 Masonry
40:45 Two-Man Saw
40:35 Scale Barding Armor
40:42 Forging
41:22 Elite War Elephant
44:04 Chain Barding Armor
44:20 Iron Casting
43:40 Gold Mining
43:40 Stone Mining
46:50 Gold Shaft Mining
46:50 Stone Shaft Mining
47:52 Plate Barding Armor
48:18 Blast Furnace
VicRoldanG
2:09 Loom
13:04 Feudal Age
14:26 Wheelbarrow
14:40 Double-Bit Axe
14:37 Horse Collar
21:09 Castle Age
19:18 Stone Mining
19:43 Gold Mining
21:54 Heavy Plow
22:08 Bow Saw
23:19 Stone Shaft Mining
28:29 Hand Cart
32:30 Town Watch
33:33 Fletching
34:52 Gold Shaft Mining
36:21 Ballistics
35:43 Treadmill Crane
40:42 Imperial Age
40:45 Heavy Scorpion
40:45 Capped Ram
42:36 Chemistry
41:42 Siege Engineers
42:32 Siege Ram
43:40 Masonry
44:22 Guilds
44:13 Caravan
44:44 Coinage
45:05 Murder Holes
46:21 Furor Celtica
47:04 Conscription
47:27 Hoardings
47:24 Onager
farid_bang-92
0:27 Loom
13:51 Feudal Age
14:26 Double-Bit Axe
14:25 Horse Collar
20:18 Castle Age
19:03 Scale Barding Armor
19:31 Padded Archer Armor
19:53 Forging
21:15 Bow Saw
22:37 Wheelbarrow
22:02 Town Watch
28:23 Heavy Plow
28:53 Husbandry
29:04 Bloodlines
29:17 Chain Barding Armor
29:33 Iron Casting
34:57 Imperial Age
34:17 Hand Cart
34:26 Ballistics
34:03 Murder Holes
34:19 Masonry
37:20 Plate Barding Armor
37:47 Blast Furnace
36:54 Caravan
39:06 Two-Man Saw
39:18 Leather Archer Armor
38:54 Fletching
39:56 Fortified Wall
40:17 Architecture
39:28 Treadmill Crane
41:54 Ring Archer Armor
41:21 Bodkin Arrow
41:12 Elite Janissary
44:38 Bracer
45:03 Bombard Tower
44:44 Gold Mining
44:44 Stone Mining
45:04 Artillery
45:41 Hoardings
46:28 Scale Mail Armor
46:20 Heated Shot
46:41 Careening
46:42 Clinker Construction
sinaimontesinos82
2:01 Loom
22:14 Feudal Age
23:24 Double-Bit Axe
26:21 Gold Mining
29:48 Fletching
35:41 Padded Archer Armor
37:31 Horse Collar
43:25 Castle Age
44:11 Wheelbarrow
44:27 Heavy Plow
44:40 Bow Saw
44:34 Crossbowman
45:53 Bodkin Arrow
46:14 Leather Archer Armor
46:40 Thumb Ring
47:43 Town Watch
48:38 Gold Shaft Mining
48:47 Ballistics
tin_cup_041
0:27 Loom
19:38 Feudal Age
20:42 Double-Bit Axe
21:26 Arson
21:43 Gold Mining
24:20 Wheelbarrow
24:07 Stone Mining
29:15 Castle Age
29:10 Horse Collar
30:28 Hand Cart
30:57 Town Watch
34:59 Treadmill Crane
36:04 Pikeman
36:45 Squires
39:54 Heavy Plow
40:11 Bow Saw
41:16 Forging
41:07 Scale Mail Armor
41:10 Town Patrol
41:57 Fortified Wall
41:44 Murder Holes
42:10 Ballistics
45:42 Iron Casting
45:23 Chain Mail Armor
47:39 Imperial Age
45:54 Masonry
47:47 Halberdier
48:09 Capped Ram
50:18 Blast Furnace
49:48 Plate Mail Armor
49:45 Conscription
Connection lost

Rejoining the realm…

Still unreachable

The connection could not be restored.

Session expired

The server has moved on; the page needs a fresh start.